 Dungeon Crawl Stone Soup version 0.17-a0-701-gb6462b4 (webtiles) character file.

317 Fluffy the Carver (level 6, -20/39 HPs)
             Began as a High Elf Skald on Apr 19, 2015.
             Killed from afar by Dowan (25 damage)
             ... with a shard of ice
             ... on level 4 of the Dungeon.
             The game lasted 00:08:22 (2999 turns).

Fluffy the Carver (High Elf Skald)                  Turns: 2999, Time: 00:08:22

Health: -20/39     AC:  9    Str: 11    XL:     6   Next: 20%
Magic:  0/10       EV: 10    Int: 18    God:
Gold:   113        SH:  0    Dex: 15    Spells: 1 memorised, 8 levels left

rFire  . . .     SeeInvis .     l - +2 short sword (speed)
rCold  . . .     Clarity  .     q - +0 ring mail
rNeg   . . .     SustAb   .     (no shield)
rPois  .         Gourm    .     h - +1 helmet
rElec  .         Spirit   +     k - +0 cloak
rCorr  .         Warding  .     y - +0 pair of gloves
rMut   .         Stasis   .     (no boots)
MR     .....                    B - amulet of guardian spirit
Stlth  +.........               (no ring)
                                (no ring)

@: very slightly contaminated, not resistant to hostile enchantments, very
unstealthy
A: no striking features
a: no special abilities


You were on level 4 of the Dungeon.
You were not hungry.

You visited 1 branch of the dungeon, and saw 4 of its levels.

You collected 113 gold pieces.

Inventory:

Hand weapons
 a - a +0 falchion
 b - a cursed -3 short sword
 l - a +2 short sword of speed (weapon)
Armour
 h - a +1 helmet (worn)
 k - a +0 cloak (worn)
 q - a +0 ring mail (worn)
 y - a +0 pair of gloves (worn)
Jewellery
 B - an amulet of guardian spirit (around neck)
Magical devices
 D - a wand of lightning (0)
Scrolls
 e - 3 scrolls of fear {unknown}
 f - 5 scrolls of remove curse {unknown}
 i - 2 scrolls of immolation {unknown}
 j - a scroll of enchant armour {unknown}
 m - a scroll of amnesia {unknown}
 o - 2 scrolls of identify {unknown}
 r - a scroll of random uselessness {unknown}
 u - a scroll of recharging {unknown}
 w - 3 scrolls of teleportation {unknown}
 x - 3 scrolls of fog {unknown}
 C - a scroll of magic mapping {unknown}
Potions
 g - 2 potions of curing {unknown}
 p - 2 potions of cure mutation {unknown}
 s - a potion of brilliance {unknown}
 v - a potion of invisibility {unknown}
 z - a potion of agility {unknown}
Books
 c - a book of Battle

   Spells                             Type                      Level
   a - Infusion                       Charms                       1
   b - Shroud of Golubria             Charms/Translocation         2
   c - Song of Slaying                Charms                       2
   d - Spectral Weapon                Hexes/Charms                 3
   e - Regeneration                   Charms/Necromancy            3
Comestibles
 d - 6 bread rations
 n - a beef jerky
 t - 2 meat rations
 A - a slice of pizza
 E - 3 chunks of flesh


   Skills:
 - Level 2.0 Fighting
 + Level 8.0 Long Blades
 - Level 0.8 Armour
 - Level 1.1 Dodging
 - Level 2.4 Spellcasting
 - Level 3.6 Charms


You had 8 spell levels left.
You knew the following spells:

 Your Spells              Type           Power        Failure   Level  Hunger
a - Infusion              Chrm           ###...       12%         1    #......


Dungeon Overview and Level Annotations

Branches:
Dungeon (4/15)
 Temple: D:4-7

Altars:
Xom
Yredelemnul

Annotations:
D:4 Dowan


Message History

Evoke which item? (* to show all) (? for menu, Esc to quit)
Zapping:
D - a wand of lightning {zapped: 9} (will waste charges)
Press: ? - help, Shift-Dir - straight line, f/p - Dowan
Aim: Dowan, wielding a dagger and wearing a robe (moderately wounded, fast, unusually resistant) Nothing appears to happen.
You hit Dowan but do no damage.
Dowan is moderately wounded.
Dowan hits you but does no damage.
You hit Dowan.
Dowan is heavily wounded.
Dowan closely misses you.
You hit Dowan.
Dowan is heavily wounded.
Dowan hits you but does no damage.
You hit Dowan.
Dowan is severely wounded.
Dowan casts a spell at you. The shard of ice hits you!
Ouch! That really hurt!
You die...

..........######.#
........#.# #.#
........#.# #)#
#######.).# #.#
##..# #.# #.># #.#
.... #.# ... #.#
.. #@# . #e# ...
#.# .... #.# ..e..
#.# .......####.#
.....e.)....#
.......######
.....


You could see Dowan.

Vanquished Creatures
  Duvessa (D:4)
  The ghost of namelastname112 the Ruffian, a weakling DrMo of Ru (D:3)
  9 adders
  2 oozes
  3 worms
  3 giant geckos
  An orc (D:3)
  5 giant cockroaches
  4 goblins
  7 hobgoblins
  3 quokkas
  9 ball pythons
  7 bats
  5 giant newts (D:1)
  11 kobolds
  14 rats
85 creatures vanquished.

Notes
Turn   | Place    | Note
--------------------------------------------------------------
     0 | D:1      | Fluffy, the High Elf Skald, began the quest for the Orb.
     0 | D:1      | Reached XP level 1. HP: 14/14 MP: 4/4
   118 | D:1      | Reached XP level 2. HP: 17/19 MP: 0/6
   587 | D:1      | Reached skill level 4 in Long Blades
   922 | D:1      | Reached XP level 3. HP: 24/24 MP: 7/7
  1317 | D:2      | Found a basalt altar of Yredelemnul.
  1323 | D:2      | Reached skill level 5 in Long Blades
  1327 | D:2      | Found a shimmering altar of Xom.
  1395 | D:2      | Reached XP level 4. HP: 29/29 MP: 1/8
  1883 | D:2      | Reached skill level 6 in Long Blades
  2037 | D:3      | Reached XP level 5. HP: 32/34 MP: 9/9
  2299 | D:3      | Noticed namelastname112's ghost (weakling DrMo)
  2323 | D:3      | Killed namelastname112's ghost
  2522 | D:3      | Reached skill level 7 in Long Blades
  2944 | D:4      | Noticed Dowan
  2945 | D:4      | Noticed Duvessa
  2983 | D:4      | Killed Duvessa
  2983 | D:4      | Reached skill level 8 in Long Blades
  2983 | D:4      | Reached XP level 6. HP: 3/39 MP: 0/10
  2999 | D:4      | Killed from afar by Dowan

Action                   |  1- 3 |  4- 6 || total
-------------------------+-------+-------++-------
Melee: Falchion          |    42 |       ||    42
       Short sword       |   133 |   178 ||   311
 Cast: Infusion          |     5 |     3 ||     8
Evoke: Wand              |       |     3 ||     3
  Eat: Chunk             |     2 |     5 ||     7
